 Dungeon Crawl Stone Soup version 0.23-a0-269-g65e0026 (webtiles) character file.

182 mhoghedin the Skirmisher (level 5, -6/43 HPs)
             Began as a Barachi Fighter on Sept 30, 2018.
             Mangled by a gnoll
             ... wielding a +0 halberd
              (10 damage)
             ... on level 3 of the Dungeon.
             The game lasted 00:03:24 (2316 turns).

mhoghedin the Skirmisher (Barachi Fighter)          Turns: 2316, Time: 00:03:25

Health: -6/43      AC:  7    Str: 19    XL:     5   Next: 61%
Magic:  5/5        EV:  8    Int:  8    God:
Gold:   56         SH:  9    Dex: 11    Spells: 4/4 levels left

rFire    + . .     SeeInvis .   a - +0 long sword
rCold    x . .     Gourm    .   c - +0 shield
rNeg     . . .     Faith    .   b - +0 scale mail
rPois    .         Spirit   .   (no helmet)
rElec    .         Reflect  .   (no cloak)
rCorr    .         Harm     .   (no gloves)
MR       .....                  (no boots)
Stlth    +.........             (no amulet)
HPRegen  0.14/turn              g - ring of fire {rF+, rC-}
MPRegen  0.09/turn              j - ring of stealth {Stlth+}

@: glowing, slow
A: +LOS, swims, slowness 1, strong legs 1
a: Hop


You were on level 3 of the Dungeon.
You were hungry.

You visited 1 branch of the dungeon, and saw 3 of its levels.

You collected 56 gold pieces.

Inventory:

Hand Weapons
 a - a +0 long sword (weapon)
Armour
 b - a +0 scale mail (worn)
 c - a +0 shield (worn)
Jewellery
 g - a ring of fire (left hand) {rF+, rC-}
   (You found it on level 1 of the Dungeon)
 j - a ring of stealth (right hand) {Stlth+}
   (You found it on level 2 of the Dungeon)
Scrolls
 e - a scroll of enchant weapon {unknown}
Potions
 d - a potion of might
 h - a potion of magic {unknown}
 k - a potion of degeneration {unknown}
Comestibles
 f - 4 rations


   Skills:
 + Level 4.6 Fighting
 + Level 3.7 Long Blades
 + Level 4.6 Armour
 + Level 2.2 Dodging
 + Level 4.2 Shields


You had 4 spell levels left.
You didn't know any spells.
Your spell library was empty.

Dungeon Overview and Level Annotations

Branches:
Dungeon (3/15)

Altars:


Innate Abilities, Weirdness & Mutations

Shadows flee at your approach. (+LOS)
You can swim through water.
You cover ground slowly.
You can hop short distances.


Message History

You closely miss the gnoll. You block the gnoll's attack.
You hit the gnoll.
You kill the gnoll!
Things that are here:
a flail; a spear; a hand axe There isn't anything to butcher here.
You start resting.
You are ready to hop once more.
There is a stone staircase leading down, spattered with blood here.
You see here a mace.
You start resting.
Health restored: 43
There is a stone staircase leading down, spattered with blood here.
You climb downwards.
There is a stone staircase leading up here.
The gnoll shaman shouts!
The gnoll shaman calls upon its god to speed up the gnoll.
The gnoll seems to speed up.
You hear a shout!
You hear a shout!
The gnoll hits you but does no damage.
There is a stone staircase leading up here.
You block the gnoll's attack.
You climb upwards.
There is a stone staircase leading down, spattered with blood here.
You closely miss the gnoll. The gnoll hits you with a club.
The gnoll barely misses you.
You take 2 damage, and have 41/43 hp.
You closely miss the gnoll. You block the gnoll's attack.
The gnoll hits you but does no damage.
You slash the gnoll! The gnoll hits you with a club.
You take 1 damage, and have 41/43 hp.
You closely miss the gnoll. The gnoll hits you with a club.
The gnoll hits you but does no damage.
You take 5 damage, and have 36/43 hp.
You slash the gnoll!
You kill the gnoll!
Items here: )))) a club; a flail; a spear; a hand axe There isn't anything to butcher here.
There is a stone staircase leading down, spattered with blood here.
You start resting.
You are feeling hungry.
You regained 5 hp, and now have 41/43 hp.
You climb downwards.
There is a stone staircase leading up here.
The gnoll shaman hits you with a whip.
You take 6 damage, and have 35/43 hp.
You block the gnoll shaman's attack. x2
You hit the gnoll shaman.
You hit the gnoll shaman but do no damage.
The gnoll shaman hits you with a whip!
A gnoll comes into view. It is wielding a halberd.
The gnoll shaman hits you but does no damage.
You take 7 damage, and have 29/43 hp.
You closely miss the gnoll shaman.
The gnoll shouts!
The gnoll shaman splashes around in the water.
A gnoll comes into view. It is wielding a spear.
You completely miss the gnoll shaman.
The gnoll shouts!
The gnoll shaman calls upon its god to speed up the gnoll.
The gnoll seems to speed up.
You closely miss the gnoll shaman. The gnoll shaman hits you with a whip.
A gnoll comes into view. It is wielding a flail.
The gnoll shaman mumbles some strange prayers to its god against you.
You are outlined in light.
You take 2 damage, and have 27/43 hp.
You hit the gnoll shaman. The gnoll shaman barely misses you.
You slash the gnoll shaman! You block the gnoll shaman's attack.
You hit the gnoll shaman.
The gnoll shaman hits you but does no damage.
The gnoll closely misses you.
The gnoll shaman calls upon its god to speed up the gnoll.
The gnoll seems to speed up.
You barely miss the gnoll shaman.
The gnoll splashes around in the water.
You block the gnoll shaman's attack.
You barely miss the gnoll shaman. The gnoll barely misses you.
The gnoll shaman hits you with a whip. You block the gnoll's attack.
The gnoll hits you from afar with a halberd!
* * * LOW HITPOINT WARNING * * *
You take 16 damage, and have 12/43 hp.
MASSIVE DAMAGE!!
You barely miss the gnoll shaman.
The gnoll hits you from afar with a spear.
* * * LOW HITPOINT WARNING * * *
You block the gnoll's attack.
The gnoll shaman hits you but does no damage.
The gnoll barely misses you.
You take 5 damage, and have 7/43 hp.
You slash the gnoll shaman!
You kill the gnoll shaman!
You hear a splash. x2
You block the gnoll's attack. The gnoll barely misses you.
The gnoll splashes around in the water.
The gnoll hits you from afar with a spear.
* * * LOW HITPOINT WARNING * * *
You take 3 damage, and have 4/43 hp.
The gnoll hits you from afar with a halberd!
You die...

...........##.......
#..............##.
#†.#.##.#.........
#.#..#.##.#......#
#......).........#
#....#.##.#......##.
#....#.##.#.........
#.......<....g......
............@..g......
≈≈≈≈≈≈≈≈≈≈≈≈≈≈)≈≈≈....≈
≈≈≈≈≈≈≈≈≈≈≈≈≈≈g≈≈≈....≈
≈≈#####≈≈≈≈≈≈≈≈≈≈≈≈....≈
≈≈#.. #.................
# #############''''#
....# ...# ...'


You could see 3 gnolls.

Vanquished Creatures
  An orc priest (D:3)
  A gnoll shaman (D:3)
  6 gnolls (D:2)
  2 adders (D:2)
  4 orcs
  6 bats
  3 giant cockroaches
  4 goblins
  3 hobgoblins
  6 jackals
  2 ball pythons (D:1)
  3 frilled lizards
  4 kobolds
  3 rats
48 creatures vanquished.

Notes
Turn   | Place    | Note
-------+----------+-------------------------------------------
     0 | D:1      | mhoghedin the Barachi Fighter began the quest for the Orb.
     0 | D:1      | Reached XP level 1. HP: 18/18 MP: 1/1
   165 | D:1      | Reached XP level 2. HP: 25/25 MP: 2/2
   594 | D:2      | Reached skill level 4 in Armour
   594 | D:2      | Reached skill level 1 in Dodging
   594 | D:2      | Reached XP level 3. HP: 10/30 MP: 3/3
   606 | D:2      | HP: 7/30 [poisoned by an adder]
   880 | D:2      | Reached skill level 4 in Fighting
  1142 | D:2      | Reached skill level 3 in Long Blades
  1603 | D:2      | Reached XP level 4. HP: 10/37 MP: 4/4
  1604 | D:2      | HP: 9/37 [jackal (1)]
  1617 | D:2      | HP: 7/37 [jackal (2)]
  1927 | D:2      | Reached skill level 4 in Shields
  1927 | D:2      | Reached XP level 5. HP: 19/43 MP: 5/5
  1931 | D:2      | Reached skill level 2 in Dodging
  2314 | D:3      | HP: 7/43 [gnoll/spear (6)]
  2316 | D:3      | Mangled by a gnoll

Vault maps used:
D:1:      elethiomel_arrival_shortcut
D:3:      lemuel_castle_with_subvaults, nicolae_ru_sacrificial_ziggurat

Skill      XL: |  1  2  3  4  5 |
---------------+----------------+-----
Armour         | 4 |  4.6
Dodging        | 1 2 |  2.2
Fighting       | 4 |  4.6
Long Blades    | 3 |  3.7
Shields        | 4 |  4.2

Action                   |  1- 3 |  4- 6 || total
-------------------------+-------+-------++-------
Melee: Long sword        |   123 |    65 ||   188
 Abil: Hop               |       |     3 ||     3
  Use: Scroll            |     3 |       ||     3
  Eat: Chunk             |     2 |     3 ||     5
Armor: Scale mail        |   100 |    15 ||   115
Dodge: Dodged            |    48 |    25 ||    73
Block: Shield            |    78 |    33 ||   111
       Rpst.: Long sword |    15 |     7 ||    22

Table legend:
 A = Non-vault XP
 B = Vault XP
 C = Vault XP percentage of total XP
 D = Non-vault monster count
 E = Vault monster count
 F = Vault count percentage of total count
                 A         B        C        D         E       F
            +---------+---------+-------+---------+---------+-------
      Total |     127 |     133 |  51.2 |      37 |      11 |  22.9
            +---------+---------+-------+---------+---------+-------
        D:1 |      25 |       0 |   0.0 |      17 |       0 |   0.0
        D:2 |      56 |      94 |  62.7 |      17 |       9 |  34.6
        D:3 |      46 |      39 |  45.9 |       3 |       2 |  40.0
            +---------+---------+-------+---------+---------+-------

Vault maps used:
D:1:      elethiomel_arrival_shortcut
D:3:      lemuel_castle_with_subvaults, nicolae_ru_sacrificial_ziggurat

Table legend:
 A = Turns spent in this place as a percentage of turns spent in the entire game.
 B = Non-inter-level travel turns spent in this place as a percentage of non-inter-level travel turns spent in the entire game.
 C = Inter-level travel turns spent in this place as a percentage of turns spent in this place.
 D = Turns resting spent in this place as a percentage of non-inter-level travel turns spent in this place.
 E = Turns spent auto-exploring this place as a percentage of non-inter-level travel turns spent in this place.
 F = Non-inter-level travel turns spent in this place divided by the number of levels of this place that you've seen.
                   A       B       C       D       E      F
               +-------+-------+-------+-------+-------+----------------------
         Total | 100.0 | 100.0 |   2.9 |  40.3 |  41.8 | 749.3
       Dungeon | 100.0 | 100.0 |   2.9 |  40.3 |  41.8 | 749.3
               +-------+-------+-------+-------+-------+----------------------

Table legend:
 A = Kills in this place as a percentage of kills in entire the game.
 B = Kills by you in this place as a percentage of kills by you in the entire game.
 C = Kills by friends in this place as a percentage of kills by friends in the entire game.
 D = Other kills in this place as a percentage of other kills in the entire game.
 E = Experience gained in this place as a percentage of experience gained in the entire game.
 F = Experience gained in this place divided by the number of levels of this place that you have seen.
                   A       B       C       D       E      F
               +-------+-------+-------+-------+-------+----------------------
         Total | 100.0 | 100.0 |   N/A |   N/A | 100.0 |  86.7
       Dungeon | 100.0 | 100.0 |   N/A |   N/A | 100.0 |  86.7
               +-------+-------+-------+-------+-------+----------------------
